 Dungeon Crawl Stone Soup version 0.28.0-43-g3370ac3207 (webtiles) character file.

Game seed: 15357731217758000376

52564 Kniotic the Severer (level 14, -2/205 HPs)
             Began as a Minotaur Berserker on Mar 7, 2022.
             Was a High Priest of Trog.
             Slain by a six-headed hydra (7 damage)
             ... on level 14 of the Dungeon.
             The game lasted 00:28:48 (25381 turns).

Kniotic the Severer (Minotaur Berserker)           Turns: 25381, Time: 00:28:48

Health: -2/205     AC: 15    Str: 31    XL:     14   Next: 27%
Magic:  22/22      EV:  9    Int:  4    God:    Trog [*****.]
Gold:   1009       SH:  0    Dex: 12    Spells: 13/13 levels left

rFire   + + .      SeeInvis .   T - +2 scimitar (flame)
rCold   + . .      Faith    .   (no shield)
rNeg    + . .      Spirit   .   a - +0 plate armour
rPois   +          Reflect  .   R - -2 hat of the Alchemist {rElec rPois rF+ rC+ rN+ Will+ rMut rCorr}
rElec   +          Harm     .   (no cloak)
rCorr   +          Rampage  .   (no gloves)
rMut    +                       (no boots)
Will    +++..                   (no amulet)
Stlth   ..........              E - ring of protection from fire
HPRegen 0.44/turn               k - ring of the Harvest {Will+ MP+9 Str+6 Slay+3}
MPRegen 0.18/turn

@: berserking, studying Crossbows, very quick
A: horns 2, retaliatory headbutt
a: Renounce Religion, Berserk, Trog's Hand, Brothers in Arms


You were on level 14 of the Dungeon.
You worshipped Trog.
Trog was extremely pleased with you.
You visited 1 branch of the dungeon, and saw 15 of its levels.
You also visited: Ossuary and Gauntlet.

You collected 1009 gold pieces.

Inventory:

Hand Weapons
 D - a +3 vorpal battleaxe
 N - a +3 battleaxe of electrocution
 T - a +2 scimitar of flaming (weapon)
Missiles
 d - 3 throwing nets (quivered)
Armour
 a - a +0 plate armour (worn)
 r - the -2 pair of boots "Beizog" {+Blink rF+}
   (You found it in a Gauntlet)

   rF:        It protects you from fire.
   +Blink:    It lets you blink.
 z - a +2 hat of willpower
 R - the -2 hat of the Alchemist (worn) {rElec rPois rF+ rC+ rN+ Will+ rMut rCorr}
   (You found it on level 12 of the Dungeon)

   rF:        It protects you from fire.
   rC:        It protects you from cold.
   rElec:     It insulates you from electricity.
   rPois:     It protects you from poison.
   rN:        It protects you from negative energy.
   rCorr:     It protects you from acid and corrosion.
   rMut:      It protects you from mutation.
   Will:      It increases your willpower.
Jewellery
 k - the ring of the Harvest (right hand) {Will+ MP+9 Str+6 Slay+3}
   (You found it on level 6 of the Dungeon)

   [ring of strength]

   Str:       It affects your strength (+6).
   Slay:      It affects your accuracy & damage with ranged weapons and melee
   (+3).
   MP:        It affects your magic capacity (+9).
   Will:      It increases your willpower.
 x - a ring of protection from cold
 E - a ring of protection from fire (left hand)
 I - a +4 ring of protection
 M - a ring of see invisible
 P - a ring of resist corrosion
 S - a +4 ring of evasion
 V - a ring of fire
Wands
 L - a wand of charming (15)
 O - a wand of flame (14)
 X - a wand of paralysis (1)
Scrolls
 e - 2 scrolls of blinking
 f - 4 scrolls of magic mapping {unknown}
 j - 3 scrolls of vulnerability {unknown}
 l - 9 scrolls of identify
 n - a scroll of brand weapon {unknown}
 o - 2 scrolls of enchant weapon {unknown}
 p - 2 scrolls of holy word {unknown}
 t - 3 scrolls of torment {unknown}
 w - 7 scrolls of teleportation
 y - 2 scrolls of summoning {unknown}
 C - 2 scrolls of immolation
 F - a scroll of fear
 G - 4 scrolls of fog {unknown}
 H - 2 scrolls of amnesia {unknown}
 J - 2 scrolls of enchant armour {unknown}
 W - a scroll of silence
Potions
 c - 2 potions of experience
 g - 4 potions of might
 h - a potion of ambrosia
 i - 2 potions of resistance
 m - 5 potions of haste
 q - 3 potions of berserk rage
 s - 5 potions of heal wounds
 u - 5 potions of flight
 v - 2 potions of mutation
 A - 7 potions of curing
 B - a potion of attraction {unknown}
 K - 2 potions of cancellation
 U - 5 potions of lignification
Miscellaneous
 b - a lightning rod (4/4)
 Q - a piece from Xom's chessboard (15/15)


   Skills:
 - Level 16.0 Fighting
 + Level 20.1 Axes
 - Level 16.0 Armour
 - Level 2.1 Dodging


You had 13 spell levels left.
You didn't know any spells.
Your spell library was empty.

Dungeon Overview and Level Annotations

Branches:
Dungeon (15/15)            Temple (0/1) D:4            Lair (0/6) D:11
    Orc (0/2) D:10        Ossuary (visited)         Gauntlet (visited)
 Vaults: D:13-14     Depths: D:15

Altars:
Cheibriados
Makhleb
Qazlal
Sif Muna
Wu Jian

Shops:
D:5 (


Innate Abilities, Weirdness & Mutations

You have a pair of horns on your head.
You reflexively headbutt those who attack you in melee.


Message History

The seven-headed hydra bites you but does no damage. x2
The seven-headed hydra closely misses you.
The seven-headed hydra bites you.
The seven-headed hydra bites you but does no damage.
The seven-headed hydra bites you. x2
A red film seems to cover your vision as you go berserk!
You feel yourself moving faster!
You feel mighty! The centaur warrior closely misses you.
You furiously retaliate!
You headbutt the centaur warrior! The centaur warrior kicks you.
The seven-headed hydra bites you but does no damage.
The seven-headed hydra closely misses you.
The seven-headed hydra completely misses you.
The seven-headed hydra bites you!
The seven-headed hydra closely misses you.
The seven-headed hydra barely misses you.
The seven-headed hydra bites you!
* * * LOW HITPOINT WARNING * * *
You slash the centaur warrior! You burn the centaur warrior.
You kill the centaur warrior!
Trog accepts your kill.
The seven-headed hydra bites you but does no damage.
The seven-headed hydra bites you!
* * * LOW HITPOINT WARNING * * *
The seven-headed hydra bites you.
* * * LOW HITPOINT WARNING * * *
The seven-headed hydra bites you!
* * * LOW HITPOINT WARNING * * *
The seven-headed hydra bites you!
* * * LOW HITPOINT WARNING * * *
The seven-headed hydra bites you!
* * * LOW HITPOINT WARNING * * *
The seven-headed hydra bites you but does no damage.
You hack one of the seven-headed hydra's heads off!
The flame cauterises the wound!
You slice the six-headed hydra!! You burn the six-headed hydra!
You headbutt the six-headed hydra!!
The six-headed hydra is almost dead.
The six-headed hydra bites you!
* * * LOW HITPOINT WARNING * * *
The six-headed hydra bites you!
You die...

.......<.......
............###
............#
............#
##..........#
#..........#
#..........#
#.......)D.#
.......@.#
##########


You could see a six-headed hydra.

Vanquished Creatures
  Gastronok (D:10)
  A minotaur (Gauntlet)
  Josephine (D:11)
  Harold (D:9)
  6 boulder beetles
  Erica (D:8)
  A centaur warrior (D:14)
  7 two-headed ogres
  3 death knights
  An ogre mage (D:13)
  A tengu warrior (D:13)
  Nergalle (D:12)
  Urug (D:10)
  A skeletal warrior (D:13)
  Pikel (D:7)
  A phantasmal warrior (D:13)
  2 deep elf pyromancers
  2 orc knights
  4 cyclopes
  11 ugly things (D:15)
  3 manticores
  An elephant (D:11)
  Maurice (D:8)
  Maggie (D:8)
  4 gargoyles
  An unseen horror (D:10)
  A freezing wraith (D:13)
  3 tengu conjurers (D:13)
  A polar bear (shapeshifter) (D:13)
  A queen bee (Gauntlet)
  7 trolls
  2 hornets (D:10)
  12 slime creatures
  A centaur simulacrum (D:10)
  Sigmund (D:3)
  12 flying skulls (Gauntlet)
  10 wraiths
  4 shadows
  A culicivora (shapeshifter) (D:13)
  4 wyverns
  A ynoxinul (Gauntlet)
  12 yaks
  3 basilisks
  Grum (D:9)
  A vampire mosquito (D:11)
  Menkaure (D:5)
  3 acid dragons
  2 water moccasins
  3 ice beasts
  A hornet zombie (Ossuary)
  4 sky beasts
  2 black bears
  22 orc warriors
  3 ogres
  3 wolves (D:9)
  13 centaurs
  2 phantoms
  3 lemures (D:7)
  2 kobold brigands
  2 bullfrogs (D:8)
  A gnoll sergeant (D:8)
  3 scorpions
  3 water moccasin zombies (Ossuary)
  An elf skeleton (D:4)
  A water moccasin skeleton (D:5)
  11 killer bees
  10 wights
  3 howler monkeys
  6 centaur zombies
  5 bullfrog zombies
  2 gnoll shamans
  2 hounds (D:6)
  7 orc priests
  2 centaur skeletons
  2 jellies
  5 iron imps
  2 human skeletons (D:4)
  An iguana (D:4)
  12 orc wizards
  A scorpion zombie (D:5)
  2 killer bee zombies (Ossuary)
  11 mummies (Ossuary)
  3 howler monkey zombies
  Robin (D:4)
  8 gnolls
  4 adders
  A river rat (D:4)
  3 shadow imps
  2 white imps
  3 ufetubi
  2 adder skeletons
  3 worms
  49 orcs
  7 ball pythons
  11 bats
  9 endoplasms
  4 giant cockroaches
  21 goblins
  12 hobgoblins
  6 quokkas
  9 frilled lizards
  20 kobolds
  2 orc skeletons (D:4)
  An orc zombie (D:4)
  8 rats
485 creatures vanquished.

Vanquished Creatures (collateral kills)
  A hydra (D:15)
  An ugly thing (D:15)
2 creatures vanquished.

Vanquished Creatures (others)
  An orc (D:10)
  13 withered plants
14 creatures vanquished.

Grand Total: 501 creatures vanquished

Notes
Turn   | Place    | Note
-------+----------+-------------------------------------------
     0 | D:1      | Kniotic the Minotaur Berserker began the quest for the Orb.
     0 | D:1      | Reached XP level 1. HP: 19/19 MP: 0/0
    52 | D:1      | Reached skill level 4 in Axes
   379 | D:1      | Reached XP level 2. HP: 26/26 MP: 1/1
   837 | D:1      | Reached skill level 5 in Axes
   994 | D:1      | Reached ** piety under Trog
   995 | D:1      | Reached XP level 3. HP: 31/31 MP: 2/2
  1936 | D:2      | Reached XP level 4. HP: 39/39 MP: 3/3
  1941 | D:2      | Reached skill level 6 in Axes
  2743 | D:3      | Noticed Sigmund
  2751 | D:3      | Killed Sigmund
  2752 | D:3      | Reached skill level 8 in Axes
  2752 | D:3      | Reached XP level 5. HP: 45/45 MP: 4/4
  2760 | D:3      | Reached *** piety under Trog
  3246 | D:3      | Found a faded altar of an unknown god.
  3250 | D:3      | Reached XP level 6. HP: 49/51 MP: 5/5
  3364 | D:4      | Found a staircase to the Ecumenical Temple.
  3529 | D:4      | Found a sand-covered staircase.
  3549 | Ossuary  | Entered an ossuary
  3581 | Ossuary  | Reached skill level 9 in Axes
  3621 | Ossuary  | Reached XP level 7. HP: 23/57 MP: 6/6
  3914 | Ossuary  | Reached skill level 10 in Axes
  4154 | Ossuary  | Reached skill level 5 in Fighting
  4285 | Ossuary  | Reached skill level 5 in Armour
  4285 | Ossuary  | Reached XP level 8. HP: 53/70 MP: 7/7
  4429 | Ossuary  | Reached **** piety under Trog
  4794 | D:4      | Noticed Robin
  4815 | D:4      | Killed Robin
  5058 | D:4      | Identified the +5 chain mail of the Lily {*Slow rElec rPois
                  | Slay-4}
  5544 | D:5      | Entered Level 5 of the Dungeon
  5566 | D:5      | Found a stormy altar of Qazlal.
  6142 | D:5      | Noticed Menkaure
  6149 | D:5      | Killed Menkaure
  6150 | D:5      | Reached XP level 9. HP: 64/82 MP: 8/8
  7158 | D:5      | Found Ezejiopp's Antique Weapon Shoppe.
  7496 | D:5      | Found a snail-covered altar of Cheibriados.
  7594 | D:6      | Reached ***** piety under Trog
  8038 | D:6      | Reached skill level 10 in Fighting
  8039 | D:6      | Identified the ring of the Harvest {Will+ MP+9 Str+6
                  | Slay+3}
  8265 | D:6      | Reached skill level 10 in Armour
  8676 | D:6      | Reached skill level 11 in Axes
  8884 | D:7      | Noticed Pikel
  8896 | D:7      | Killed Pikel
  8897 | D:7      | Reached XP level 10. HP: 64/93 MP: 9/9
  9031 | D:7      | Reached skill level 12 in Axes
  9752 | D:7      | Found a shimmering blue altar of Sif Muna.
 10037 | D:8      | Reached skill level 13 in Axes
 10495 | D:8      | Noticed Erica
 10506 | D:8      | Killed Erica
 10507 | D:8      | Reached skill level 14 in Axes
 10671 | D:8      | Noticed Maurice
 10681 | D:8      | Paralysed by something for 3 turns
 10715 | D:8      | Killed Maurice
 10840 | D:8      | Noticed Maggie
 10857 | D:8      | Killed Maggie
 11470 | D:9      | Noticed Harold
 11483 | D:9      | Killed Harold
 11484 | D:9      | Reached skill level 15 in Axes
 11683 | D:9      | Reached XP level 11. HP: 93/99 MP: 10/10
 11933 | D:9      | Noticed Grum
 11940 | D:9      | Received a gift from Trog
 11948 | D:9      | Killed Grum
 12203 | D:9      | Reached skill level 16 in Axes
 12496 | D:10     | Entered Level 10 of the Dungeon
 12496 | D:10     | Noticed Urug
 12504 | D:10     | Killed Urug
 12595 | D:10     | Found a staircase to the Orcish Mines.
 13010 | D:10     | Noticed a two-headed ogre
 13051 | D:10     | Killed a two-headed ogre
 13469 | D:10     | Paralysed by a hornet for 3 turns
 14342 | D:10     | Noticed Gastronok
 14355 | D:10     | Killed Gastronok
 14372 | D:10     | Noticed a boulder beetle
 14563 | D:10     | Killed a boulder beetle
 15032 | D:10     | Reached XP level 12. HP: 102/113 MP: 11/11
 15224 | D:10     | Found a burning altar of Makhleb.
 15239 | D:10     | Received a gift from Trog
 15437 | D:10     | Noticed a death knight
 15444 | D:10     | Killed a death knight
 15859 | D:11     | Noticed Josephine
 15859 | D:11     | Found a staircase to the Lair.
 15864 | D:11     | Killed Josephine
 15883 | D:11     | Noticed a two-headed ogre
 15894 | D:11     | Killed a two-headed ogre
 15977 | D:11     | Noticed a two-headed ogre
 15984 | D:11     | Killed a two-headed ogre
 16126 | D:11     | Found a gate leading to a gauntlet.
 16134 | Gauntlet | Entered a Gauntlet
 16134 | Gauntlet | Found a transporter.
 16144 | Gauntlet | Found a transporter.
 16155 | Gauntlet | Found a transporter.
 16158 | Gauntlet | Found a transporter.
 16176 | Gauntlet | Found a transporter.
 16182 | Gauntlet | Found a runed translucent door.
 16184 | Gauntlet | Found a transporter.
 16186 | Gauntlet | Found a runed translucent door.
 16195 | Gauntlet | Found a transporter.
 16202 | Gauntlet | Found a runed translucent gate.
 16202 | Gauntlet | Found a runed translucent gate.
 16202 | Gauntlet | Found a runed translucent gate.
 16203 | Gauntlet | Noticed a reaper
 16206 | Gauntlet | Found a transporter.
 16220 | Gauntlet | Found a transporter.
 16220 | Gauntlet | Found a transporter.
 16248 | Gauntlet | Found a transporter.
 16249 | Gauntlet | Found a transporter.
 16301 | Gauntlet | Found a transporter.
 16314 | Gauntlet | Found a transporter.
 16613 | Gauntlet | Identified the +8 rapier of Ignis's Regard {vorpal, rElec
                  | Str-2 Dex+3 Stlth+}
 16666 | Gauntlet | Identified the -2 pair of boots "Beizog" {+Blink rF+}
 16691 | Gauntlet | Noticed a minotaur
 16703 | Gauntlet | Killed a minotaur
 16752 | Gauntlet | Identified the +8 dagger of Imminent Death {holy, rF+ rC++
                  | MP-9 Stlth+}
 17237 | D:11     | Reached skill level 15 in Fighting
 17237 | D:11     | Reached skill level 15 in Armour
 17261 | D:11     | Noticed a boulder beetle
 17284 | D:11     | Killed a boulder beetle
 17811 | D:11     | Reached XP level 13. HP: 127/127 MP: 12/12
 18878 | D:12     | Found the -2 hat of the Alchemist {rElec rPois rF+ rC+ rN+
                  | Will+ rMut rCorr}
 19225 | D:12     | Noticed Nergalle
 19228 | D:12     | Killed Nergalle
 21004 | D:13     | Reached skill level 17 in Axes
 22417 | D:13     | Reached skill level 18 in Axes
 22891 | D:13     | You fall into a shaft and drop 2 floors!
 22891 | D:15     | Entered Level 15 of the Dungeon
 23237 | D:15     | Reached XP level 14. HP: 125/137 MP: 13/13
 23241 | D:15     | Reached skill level 19 in Axes
 24483 | D:14     | Found an ornate altar of the Wu Jian Council.
 24535 | D:14     | Reached skill level 20 in Axes
 25381 | D:14     | HP: 5/205 [six-headed hydra (12)]
 25381 | D:14     | Slain by a six-headed hydra

Illustrated notes

Levels and vault maps discovered:
D:1:      elethiomel_arrival_diamonds, layout_basic
D:2:      layout_basic, minmay_cut_off
D:3:      layout_basic, hellmonk_ecumenical_altar_crossroads, hex_tiny,
          minmay_goblin_outpost, uniq_sigmund
D:4:      layout_rooms, minmay_temple_entry_crystal_x,
          nicolae_ossuary_entry_catacombs, portal_sewer_entry_b, minivault_27,
          kennysheep_generic_room_6, uniq_robin
D:5:      layout_basic, mainiacjoe_overflow_cross_hatched,
          mainiacjoe_overflow_alcove_2, serial_shops, kennysheep_mini_moat,
          chequers_serial_rivers_micro_b, minmay_manual_monolith, uniq_menkaure
D:6:      layout_basic, corexii_hall_statues_i
D:7:      layout_loops_ring, lemuel_coloured_pillars_altar, uniq_pikel
D:8:      layout_basic, serial_bayou_pond_e, uniq_maurice, uniq_maggie,
          uniq_erica
D:9:      layout_roguey, hangedman_decor_riveting, nicolae_figureground_sparkle,
          uniq_grum, uniq_harold
D:10:     minmay_imperfect_grid, layout_basic, demons_altar, david_orc_3,
          uniq_urug, uniq_gastronok
D:11:     layout_basic, david_lair_generic, gauntlet_entry_generic,
          hangedman_corner_corridor, uniq_josephine
D:12:     layout_loops_ring, uniq_nergalle
D:13:     layout_roguey [special_room_orc]
D:14:     layout_gridville, david_vaults_1, serial_shops, shop,
          gammafunk_ghost_spectres, nzn_wu_jian_contemplation
D:15:     grunt_enter_depths_snipers, layout_basic, vehumet_crystals,
          uniq_kirke, uniq_roxanne

Skill      XL: |  1  2  3  4  5  6  7  8  9 10 11 12 13 14 |
---------------+-------------------------------------------+-----
Axes           | 4 5 8 9 10 11 15 16 18 20 | 20.1
Fighting       | 5 8 10 12 15 16 | 16.0
Armour         | 5 7 10 12 15 16 | 16.0
Dodging        | |  2.1

Action                   |  1- 3 |  4- 6 |  7- 9 | 10-12 | 13-15 || total
-------------------------+-------+-------+-------+-------+-------++-------
Melee: Hand axe          |   103 |   119 |   269 |       |       ||   491
       Headbutt          |    10 |    19 |    80 |    76 |    51 ||   236
       Punch             |     1 |     1 |     3 |     1 |       ||     6
       Battleaxe         |       |       |    82 |   256 |   272 ||   610
       War axe           |       |       |    21 |       |       ||    21
       Broad axe         |       |       |       |   145 |       ||   145
       Scimitar          |       |       |       |       |     7 ||     7
Invok: Berserk           |       |     2 |     2 |    11 |     6 ||    21
       Trog's Hand       |       |       |       |     1 |       ||     1
       Brothers in Arms  |       |       |       |       |     1 ||     1
  Use: Scroll            |       |       |       |    19 |     2 ||    21
 Stab: Sleeping          |     1 |       |       |       |       ||     1
Armor: Animal skin       |    18 |       |       |       |       ||    18
       Scale mail        |    10 |    43 |    94 |       |       ||   147
       Plate armour      |       |       |    46 |   206 |   160 ||   412
Dodge: Dodged            |    52 |    38 |   139 |   147 |   126 ||   502
